 Dungeon Sprint DCSS version 0.21-a0-227-g58a7c62 (webtiles) character file.

128 Kidiri the Sneak (level 4, 0/34 HPs)
             Began as a Spriggan Enchanter on Aug 30, 2017.
             Slain by a neqoxec (11 damage)
             ... in the Dungeon (Sprint II: "The Violet Keep of Menkaure").
             The game lasted 00:00:19 (21 turns).

Kidiri the Sneak (Spriggan Enchanter)                 Turns: 21, Time: 00:00:20

Health: 0/34       AC:  2    Str:  9    XL:     4   Next: 86%
Magic:  6/12       EV: 22    Int: 16    God:
Gold:   0          SH:  0    Dex: 17    Spells: 13/14 levels left

rFire    . . .     SeeInvis +   a - +1 dagger
rCold    . . .     Gourm    .   (shield restricted)
rNeg     . . .     Faith    .   b - +0 robe
rPois    .         Spirit   .   (helmet restricted)
rElec    .         Reflect  .   (no cloak)
rCorr    .         Harm     .   (gloves unavailable)
MR       .....     NoTele   +   (boots unavailable)
Stlth    ..........             (no amulet)
HPRegen  0.11/turn              (no ring)
MPRegen  0.13/turn              (no ring)

@: berserking, very quick
A: unfitting armour, see invisible, herbivore 3, speed 3, slow metabolism 2
a: no special abilities


You were in the Dungeon.
You were not hungry.

You visited 1 branch

Inventory:

Hand Weapons
 a - a +1 dagger (weapon)
Armour
 b - a +0 robe (worn)
Scrolls
 j - a scroll of blinking
Potions
 e - a potion of curing
 f - a potion of heal wounds
 g - a potion of haste
 h - 2 potions of magic
Books
 c - a book of Maledictions

   Spells                             Type                      Level
   a - Corona                         Hexes                        1
   b - Ensorcelled Hibernation        Hexes/Ice                    2
   c - Confuse                        Hexes                        3
   d - Tukima's Dance                 Hexes                        3
   e - Dazzling Spray                 Conjuration/Hexes            3
Comestibles
 d - a bread ration


   Skills:
 + Level 2.0 Fighting
 * Level 4.3 Short Blades
 + Level 1.9 Armour
 * Level 6.8 Dodging
 * Level 7.8 Stealth
 * Level 5.6 Spellcasting
 + Level 4.9 Hexes


You had 13 spell levels left.
You knew the following spells:

 Your Spells              Type           Power        Failure   Level  Hunger
a - Corona                Hex            ###....      1%          1    None


Dungeon Overview and Level Annotations

Branches:
Dungeon (1/1)

Altars:


Innate Abilities, Weirdness & Mutations

You are very small and have problems with some larger weapons.
You are too small for most types of armour.
You have supernaturally acute eyesight. (SInv)
You are a herbivore.
You cover ground extremely quickly.
You need consume almost no food.


Message History

You have reached level 4!
The neqoxec gestures.
You puncture the quasit!
The quasit is heavily wounded.
Unknown command.
You closely miss the quasit.
The quasit is heavily wounded.
The quasit misses you. The quasit barely misses you. The quasit misses you.
The neqoxec gestures.
You puncture the quasit!
You kill the quasit!
Unknown command.
The neqoxec closely misses you.
There is an open door here.
You puncture the neqoxec!
The neqoxec is moderately wounded.
You barely miss the neqoxec.
The neqoxec is moderately wounded.
The neqoxec hits you!
You die...

## #3# #
#3## ##.
#@#
#.w$##.##
#+.<.+
#.w.##.##
##. #+# #


H#H .# #. ## ## You could see 2 neqoxecs.

Vanquished Creatures
  A neqoxec (D)
1 creature vanquished.

Notes
Turn   | Place    | Note
-------+----------+-------------------------------------------
     0 | D        | Kidiri the Spriggan Enchanter began the quest for the Orb.
     0 | D        | Reached XP level 1. HP: 9/9 MP: 5/5
     1 | D        | Noticed a hippogriff
     1 | D        | Noticed a hippogriff
     4 | D        | Noticed a tyrant leech
     4 | D        | Noticed a tyrant leech
     7 | D        | Noticed a neqoxec
     8 | D        | Noticed a neqoxec
    13 | D        | Noticed a neqoxec
    15 | D        | Noticed an iron imp
    15 | D        | Noticed an iron imp
    15 | D        | Killed a neqoxec
    15 | D        | Reached skill level 1 in Armour
    15 | D        | Reached skill level 7 in Stealth
    15 | D        | Reached skill level 5 in Spellcasting
    15 | D        | Reached XP level 2. HP: 7/15 MP: 5/9
    15 | D        | Reached XP level 3. HP: 9/18 MP: 6/11
    15 | D        | Reached XP level 4. HP: 11/23 MP: 6/12
    21 | D        | Slain by a neqoxec

Vault maps used:
D:        the_violet_keep_of_menkaure

Skill      XL: |  1 |
---------------+----+-----
Fighting       | 2 |  2.0
Short Blades   | 4 |  4.3
Armour         | 1 |  1.9
Dodging        | 6 |  6.8
Stealth        | 7 |  7.8
Spellcasting   | 5 |  5.6
Hexes          | 4 |  4.9

Action                   |  1- 3 |  4- 6 || total
-------------------------+-------+-------++-------
Melee: Dagger            |     6 |     5 ||    11
  Use: Potion            |     1 |       ||     1
Dodge: Dodged            |       |     4 ||     4

Table legend:
 A = Spawn XP
 B = Non-spawn XP
 C = Spawn XP percentage of total XP
 D = Spawn monster count
 E = Non-spawn monster count
 F = Spawn count percentage of total count
 G = Total turns spent on level
                    A         B        C        D         E        F      G
               +---------+---------+-------+---------+---------+-------+---------
         Total |       0 |     183 |   0.0 |       0 |       1 |   0.0 |    21
               +---------+---------+-------+---------+---------+-------+---------
             D |       0 |     183 |   0.0 |       0 |       1 |   0.0 |    21
               +---------+---------+-------+---------+---------+-------+---------
